 Dungeon Crawl Stone Soup version 0.28-a0-732-g75e6d9beac (webtiles) character file.

Game seed: 3237713926987765150

55 Colgate the Magician (level 3, -2/19 HPs)
             Began as a Tengu Hedge Wizard on Oct 26, 2021.
             Was a Follower of Vehumet.
             Slain by Sigmund (6 damage)
             ... on level 2 of the Dungeon on Oct 29, 2021.
             The game lasted 00:21:28 (2588 turns).

Colgate the Magician (Tengu Hedge Wizard)           Turns: 2588, Time: 00:21:30

Health: -2/19      AC:  3    Str: 10    XL:     3   Next: 93%
Magic:  1/9        EV: 12    Int: 15    God:    Vehumet [*.....]
Gold:   85         SH:  0    Dex: 13    Spells: 6/10 levels left

rFire   . . .      SeeInvis .   a - +0 dagger (venom)
rCold   . . .      Faith    .   (no shield)
rNeg    . . .      Spirit   .   b - +0 robe
rPois   .          Reflect  .   c - +0 hat
rElec   .          Harm     .   (no cloak)
rCorr   .          Rampage  .   d - +0 pair of gloves
Will    .....                   (boots unavailable)
Stlth   ++........              (no amulet)
HPRegen 0.06/turn               (no ring)
MPRegen 0.11/turn               (no ring)

@: no status effects
A: beak, talons 3
a: Renounce Religion


You were on level 2 of the Dungeon.
You worshipped Vehumet.
Vehumet was aware of your devotion.
You visited 1 branch of the dungeon, and saw 2 of its levels.

You collected 85 gold pieces.

Inventory:

Hand Weapons
 a - a +0 dagger of venom (weapon)
 j - a +0 hunting sling
Missiles
 f - 53 stones
 i - 21 sling bullets
Armour
 b - a +0 robe (worn)
 c - a +0 hat (worn)
 d - a +0 pair of gloves (worn)
Scrolls
 e - a scroll of magic mapping {unknown}
 g - 2 scrolls of fear {unknown}
Potions
 h - 2 potions of brilliance {unknown}


   Skills:
 - Level 2.1 Dodging
 - Level 2.0 Stealth
 - Level 4.0 Spellcasting
 - Level 2.0 Conjurations
 - Level 1.2 Summonings
 - Level 0.7 Translocations
 - Level 2.0 Air Magic
 + Level 0.1 Poison Magic


You had 6 spell levels left.
You knew the following spells:

 Your Spells              Type           Power      Damage    Failure   Level
a - Magic Dart            Conj           36%        1d4       8%          1
b - Call Imp              Summ           6%         N/A       17%         2
c - Shock                 Conj/Air       36%        1d5       8%          1

Your spell library contained the following spells:

 Spells                   Type           Power      Damage    Failure   Level
 Corpse Rot               Necr/Air       12%        N/A       19%         2
 Blink                    Tloc           10%        N/A       21%         2
 Slow                     Hex            3%         N/A       26%         2
 Mephitic Cloud           Conj/Pois/Air  7%         N/A       30%         3
 Conjure Flame            Conj/Fire      6%         6-21      34%         3
 Dispel Undead            Necr           3%         3d7       87%         4
 Death Channel            Necr           1%         N/A       100%        6


Dungeon Overview and Level Annotations

Branches:
Dungeon (2/15)

Altars:
Vehumet

Shops:
D:1 (

Annotations:
D:2 Natasha, Sigmund


Innate Abilities, Weirdness & Mutations

You have a beak for a mouth.
You have claws for feet.


Message History

Sigmund is lightly wounded.
The magic dart hits Sigmund.
Sigmund is lightly wounded.
The magic dart hits Sigmund.
Sigmund is moderately wounded.
Sigmund casts a spell at you. You resist with significant effort.
The magic dart hits Sigmund.
Sigmund is moderately wounded.
Sigmund gestures at you while chanting. The magic dart hits you!
The magic dart hits Sigmund but does no damage.
Sigmund is moderately wounded.
The magic dart hits Sigmund but does no damage.
Sigmund is moderately wounded.
Sigmund casts a spell at you. The puff of flame hits you!
* * * LOW HITPOINT WARNING * * *
You are too injured to fight recklessly!
You are too injured to fight recklessly!
You are too injured to fight recklessly!
You are too injured to fight recklessly!
You are too injured to fight recklessly!
Casting: Magic Dart (safe; 8% risk of failure)
Confirm with . or Enter, or press ? or * to list all spells.
Aiming: Magic Dart (safe; 8% risk of failure)
Press: ? - help, Shift-Dir - straight line, f/p - Sigmund
Aim: Sigmund, wielding a +0 scythe and wearing a +0 robe (moderately wounded, 100% to hit)
The magic dart hits Sigmund but does no damage.
Sigmund is moderately wounded.
Unknown command.
Casting: Magic Dart (safe; 8% risk of failure)
Confirm with . or Enter, or press ? or * to list all spells.
Aiming: Magic Dart (safe; 8% risk of failure)
Press: ? - help, Shift-Dir - straight line, f/p - Sigmund
Aim: Sigmund, wielding a +0 scythe and wearing a +0 robe (moderately wounded, 100% to hit)
The magic dart hits Sigmund.
Sigmund is heavily wounded.
Sigmund hits you from afar with a +0 scythe.
You die...

#...#..... ####
##..#..... #...
#........ #....
#........ #....#########
#........
#............###........
#.............##........
#.............##.....)..
.[...@.@.....<##........
.....##.................
... ####†..#.##.....###
. #......#.##...#+###
#.#....#...........
#.#....####........
..#+#....######......
...†.........# #......
...........#.###......


You could see Sigmund.

Vanquished Creatures
  A worm (D:2)
  2 dart slugs
  4 ball pythons
  An endoplasm (D:1)
  2 giant cockroaches (D:1)
  8 hobgoblins
  2 jackals (D:1)
  A quokka (D:1)
  3 bats
  3 frilled lizards (D:1)
  3 goblins
  4 kobolds
  2 rats (D:2)
36 creatures vanquished.

Vanquished Creatures (collateral kills)
  A dart slug (D:1)
  2 bats (D:1)
  A goblin (D:1)
  3 rats (D:1)
7 creatures vanquished.

Grand Total: 43 creatures vanquished

Notes
Turn   | Place    | Note
-------+----------+-------------------------------------------
     0 | D:1      | Colgate the Tengu Hedge Wizard began the quest for the Orb.
     0 | D:1      | Reached XP level 1. HP: 10/10 MP: 5/5
   255 | D:1      | Reached XP level 2. HP: 15/15 MP: 7/7
   258 | D:1      | Learned a level 2 spell: Call Imp
   836 | D:1      | Found Yzypt's Weapon Shop.
  1051 | D:1      | Reached XP level 3. HP: 19/19 MP: 2/9
  1149 | D:1      | Reached skill level 4 in Spellcasting
  1281 | D:1      | Found a faded altar of an unknown god.
  1289 | D:1      | Prayed at the altar of an unknown god.
  1289 | D:1      | Became a worshipper of Vehumet
  1289 | D:1      | Reached * piety under Vehumet
  1289 | D:1      | Offered knowledge of Shock by Vehumet.
  1292 | D:1      | Learned a level 1 spell: Shock
  1292 | D:1      | Upgraded the game from 0.28-a0-723-g095bd1b44f to
                  | 0.28-a0-732-g75e6d9beac
  1543 | D:1      | Reached skill level 1 in Air Magic
  2126 | D:2      | Noticed Natasha
  2580 | D:2      | Noticed Sigmund
  2588 | D:2      | Slain by Sigmund

Illustrated notes

Levels and vault maps discovered:
D:1:      onia_arrival_pentagram, layout_basic,
          dreamdust_ecumenical_altar_grove, serial_shops, nicolae_square_shop,
          serial_bayou_crossing
D:2:      layout_basic, uniq_sigmund, uniq_natasha

Skill      XL: |  1  2  3 |
---------------+----------+-----
Spellcasting   | 4 |  4.0
Air Magic      | 2 |  2.0
Conjurations   | 2 |  2.0
Dodging        | |  2.1
Stealth        | |  2.0
Summonings     | |  1.2
Translocations | |  0.7
Poison Magic   | |  0.1

Action                   || total
-------------------------++-------
Melee: Dagger            ||     9
       Kick              ||     1
       Peck              ||     1
 Cast: Magic Dart        ||   115
       Call Imp          ||    15
       Shock             ||     3
 Stab: Sleeping          ||     2
Armor: Robe              ||     7
Dodge: Dodged            ||    19

Table legend: (Time is in decaauts)
 A = Elapsed time spent in this place.
 B = Non-inter-level travel time spent in this place.
 C = Inter-level travel time spent in this place.
 D = Time resting spent in this place.
 E = Time spent auto-exploring this place.
 F = Levels seen in this place.
 G = Mean time per level.
                   A        B        C        D        E       F      G
               +--------+--------+--------+--------+--------+-----+--------+
         Total |   2593 |   2514 |     79 |     18 |   2078 |   2 | 1296.5 |
       Dungeon |   2593 |   2514 |     79 |     18 |   2078 |   2 | 1296.5 |
               +--------+--------+--------+--------+--------+-----+--------+

Top non-repeatable levels by time:
     D:1: 1782 daAuts
     D:2: 811 daAuts
